 Dungeon Crawl Stone Soup version 0.29.1-12-g30fa7ad0bf (webtiles) character file.

Game seed: 9482462013154823008

9359 wormed the Severer (level 11, -15/133 HPs)
             Began as a Minotaur Berserker on Dec 25, 2022.
             Was an Elder of Trog.
             Demolished by an orc warrior
             ... wielding a +0 halberd
              (16 damage)
             ... on level 9 of the Dungeon.
             The game lasted 00:16:16 (9033 turns).

wormed the Severer (Minotaur Berserker)             Turns: 9033, Time: 00:16:18

Health: -15/133    AC:  8    Str: 25    XL:     11   Next: 22%
Magic:  10/10      EV:  8    Int:  4    God:    Trog [****..]
Gold:   452        SH:  5    Dex: 11    Spells: 10/10 levels left

rFire   . . .      SeeInvis +   a - +0 hand axe
rCold   . . .      Faith    .   t - +0 buckler
rNeg    + . .      Spirit   .   B - +0 plate armour
rPois   .          Reflect  .   s - +0 hat
rElec   .          Harm     .   l - +0 cloak
rCorr   .          Rampage  .   (no gloves)
Will    .....                   A - +1 pair of boots
Stlth   ..........              q - amulet of regeneration
HPRegen 1.12/turn               v - ring of see invisible
MPRegen 0.12/turn               y - ring of positive energy

@: berserking (expiring), lethally poisoned (-15 -> -16), corroded, very quick
A: horns 2, retaliatory headbutt
a: Renounce Religion, Berserk, Trog's Hand, Brothers in Arms


You were on level 9 of the Dungeon.
You worshipped Trog.
Trog was greatly pleased with you.
You visited 1 branch of the dungeon, and saw 9 of its levels.
You also visited: Ossuary.

You collected 452 gold pieces.

Inventory:

Hand Weapons
 a - a +0 hand axe (weapon)
 E - the +9 mace of Corporal Punishment {speed, Dex+4}
   (You found it on level 4 of the Dungeon)

   Attacks with this weapon are significantly faster.
   Dex:       It affects your dexterity (+4).
Missiles
 u - 4 throwing nets (quivered)
 x - 3 javelins
 O - 6 atropa-tipped darts
 W - 3 poisoned darts
Armour
 l - a +0 cloak (worn)
 o - the +0 ring mail of Theory {Str+9 Int-4 Slay+5}
   (You found it on level 2 of the Dungeon)

   Str:       It affects your strength (+9).
   Int:       It affects your intelligence (-4).
   Slay:      It affects your accuracy & damage with ranged weapons and melee
   (+5).
 s - a +0 hat (worn)
 t - a +0 buckler (worn)
 A - a +1 pair of boots (worn)
 B - a +0 plate armour (worn)
Jewellery
 q - an amulet of regeneration (around neck)
 v - a ring of see invisible (left hand)
 y - a ring of positive energy (right hand)
 L - an amulet of the acrobat
 R - the ring "Ybbots" {rPois rC+ Will++ Str+3 Int-5}
   (You found it on level 6 of the Dungeon)

   [ring of poison resistance]

   Str:       It affects your strength (+3).
   Int:       It affects your intelligence (-5).
   rC:        It protects you from cold.
   rPois:     It protects you from poison.
   Will:      It greatly increases your willpower.
Wands
 b - a wand of flame (16)
 w - a wand of polymorph (9)
 K - a wand of acid (7)
 Q - a wand of paralysis (5)
 U - a wand of roots (13)
Scrolls
 e - 3 scrolls of vulnerability {unknown}
 f - 3 scrolls of poison {unknown}
 g - 3 scrolls of butterflies {unknown}
 k - 3 scrolls of blinking {unknown}
 m - a scroll of immolation {unknown}
 p - 4 scrolls of enchant armour
 z - a scroll of magic mapping {unknown}
 D - 2 scrolls of teleportation {unknown}
 G - 2 scrolls of silence {unknown}
 J - a scroll of amnesia {unknown}
 M - a scroll of enchant weapon {unknown}
 N - a scroll of fear {unknown}
 S - a scroll of noise {unknown}
 T - 2 scrolls of acquirement {unknown}
 V - a scroll of brand weapon {unknown}
Potions
 c - 2 potions of might {unknown}
 d - 12 potions of curing
 h - 5 potions of flight {unknown}
 i - 3 potions of haste {unknown}
 j - a potion of cancellation
 n - 3 potions of mutation {unknown}
 r - 2 potions of heal wounds {unknown}
 C - 2 potions of lignification {unknown}
 F - a potion of brilliance
 H - 4 potions of degeneration {unknown}
 I - 2 potions of attraction
 P - a potion of resistance {unknown}


   Skills:
 - Level 6.0 Fighting
 * Level 17.6 Axes
 - Level 6.0 Armour
 - Level 6.0 Dodging
 - Level 6.0 Shields


You had 10 spell levels left.
You didn't know any spells.
Your spell library was empty.

Dungeon Overview and Level Annotations

Branches:
Dungeon (9/15)             Temple (0/1) D:7         Ossuary (visited)
   Lair: D:8-11         Orc: D:9-12

Altars:
Ashenzari
Cheibriados
Dithmenos
Elyvilon
Gozag
Kikubaaqudgha
Makhleb
Nemelex Xobeh
Xom

Shops:
D:1 (

Annotations:
D:3 Ijyb


Innate Abilities, Weirdness & Mutations

You have a pair of horns on your head.
You reflexively headbutt those who attack you in melee.


Message History

You hear a shout! x2
You miss the killer bee.
The killer bee is almost dead.
You barely miss the acid dragon. You hit the troll.
You feel sick. The killer bee stings you.
You miss the killer bee. Your headbutt misses the killer bee.
The killer bee is almost dead.
You hit the acid dragon. You hit the troll.
Okay, then.
You hit the killer bee but do no damage.
You headbutt the killer bee.
You kill the killer bee!
Trog accepts your kill.
You hit the acid dragon but do no damage.
You slash the troll!
You feel sick.
A kobold comes into view. It is wielding a +0 short sword.
The acid dragon bites you.
The acid dragon claws you but does no damage.
The orc warrior hits you from afar with a +0 halberd!
The troll bites you.
* * * LOW HITPOINT WARNING * * *
The troll claws you!
* * * LOW HITPOINT WARNING * * *
The troll claws you but does no damage.
You hit the wight. You headbutt the wight.
The wight is severely damaged.
You hit the acid dragon. You closely miss the troll. You hit the wight.
The wight is almost destroyed.
You hit the acid dragon but do no damage.
You hit the troll but do no damage.
You feel sick.
A kobold comes into view.
It is wielding a +0 short sword of draining.
The acid dragon barely misses you. The acid dragon closely misses you.
The troll bites you!
* * * LOW HITPOINT WARNING * * *
The troll barely misses you. You block the troll's attack.
The wight hits you with a +0 war axe!
* * * LOW HITPOINT WARNING * * *
The orc warrior hits you from afar with a +0 halberd!
You die...

......#........
....##........
....#..###.### ##
...#..##..#..## #.
.....##..#.#..## #. ##
+##.##..#####..###.#..
....#..## ##..#oK.
....#.## ##)#T#
.....#.# #)#@#
....#.## ##D#z#
....#..#


#ch .o. ....##..# #Kz# #.#.. ..... #..# #..# #. ## ..... #..#.y# #. ..... ##c##
## +###.. ... You could see a troll, an orc warrior, an acid dragon, a kobold
brigand, 2 centaurs, a howler monkey (catching breath), a killer bee, 2 wights,
an orc wizard (invisible) and a kobold.

Vanquished Creatures
  Gastronok (D:8)
  A two-headed ogre (D:9)
  Erica (D:8)
  Pikel (D:7)
  A deep elf zephyrmancer (D:8)
  Maurice (D:8)
  A troll (D:9)
  A hornet (D:8)
  A yak (D:9)
  2 wyverns (D:8)
  2 steam dragons
  A water moccasin (D:6)
  Duvessa (D:4)
  4 orc warriors
  A hornet zombie (Ossuary)
  A sky beast (D:7)
  A black bear (D:5)
  An ice beast (D:6)
  2 lemures (D:7)
  4 ogres
  A centaur (D:6)
  3 phantoms
  8 bullfrogs
  2 kobold brigands (D:9)
  A wyvern zombie (Ossuary)
  4 scorpions
  A water moccasin zombie (Ossuary)
  3 wights (D:5)
  Dowan (D:4)
  A killer bee (D:9)
  A howler monkey (D:3)
  2 centaur zombies (Ossuary)
  6 bullfrog zombies (Ossuary)
  4 hounds
  3 jellies
  4 orc priests
  2 iguanas
  Crazy Yiuf (D:2)
  4 orc wizards
  3 killer bee zombies (Ossuary)
  A howler monkey zombie (Ossuary)
  Robin (D:2)
  18 mummies (Ossuary)
  9 adders
  22 gnolls
  3 white imps
  An ufetubus (D:5)
  A dart slug (D:5)
  3 worms
  47 orcs
  10 endoplasms
  A giant cockroach (D:2)
  15 goblins
  9 hobgoblins
  12 jackals (D:3)
  A quokka (D:2)
  11 ball pythons
  4 bats
  7 frilled lizards
  11 kobolds
  3 rats (D:2)
274 creatures vanquished.

Vanquished Creatures (collateral kills)
  Maggie (D:8)
  A wraith (D:8)
2 creatures vanquished.

Vanquished Creatures (others)
  4 plants (D:3)
  3 withered plants (Ossuary)
7 creatures vanquished.

Grand Total: 283 creatures vanquished

Notes
Turn   | Place    | Note
-------+----------+-------------------------------------------
     0 | D:1      | wormed the Minotaur Berserker began the quest for the Orb.
     0 | D:1      | Reached XP level 1. HP: 19/19 MP: 0/0
    13 | D:1      | Found Xymo's Antique Weapon Shop.
   506 | D:1      | Reached XP level 2. HP: 23/27 MP: 1/1
   598 | D:1      | Reached skill level 4 in Axes
   887 | D:1      | Reached skill level 1 in Shields
  1268 | D:2      | Noticed Robin
  1275 | D:2      | Reached XP level 3. HP: 31/33 MP: 2/2
  1275 | D:2      | Reached ** piety under Trog
  1293 | D:2      | Killed Robin
  1493 | D:2      | Found a runed translucent door.
  1494 | D:2      | Noticed Crazy Yiuf
  1499 | D:2      | Killed Crazy Yiuf
  1500 | D:2      | Reached XP level 4. HP: 40/40 MP: 3/3
  1748 | D:2      | Identified the +0 ring mail of Theory {Str+9 Int-4 Slay+5}
  1774 | D:2      | Lost intelligence.
  1860 | D:2      | Identified the +3 leather armour of Xolasiuxi {Regen+}
  2061 | D:2      | Found a faded altar of an unknown god.
  2525 | D:3      | Reached skill level 5 in Axes
  2525 | D:3      | Reached XP level 5. HP: 38/46 MP: 4/4
  2811 | D:3      | Found an ancient bone altar of Kikubaaqudgha.
  2811 | D:3      | Found a broken altar of Ashenzari.
  2811 | D:3      | Found a shimmering altar of Xom.
  2823 | D:3      | Found a shadowy altar of Dithmenos.
  2827 | D:3      | Found a sparkling altar of Nemelex Xobeh.
  2874 | D:3      | Found a faded altar of an unknown god.
  2877 | D:3      | Noticed Ijyb
  2879 | D:3      | Found an opulent altar of Gozag.
  2931 | D:3      | Reached *** piety under Trog
  3033 | D:3      | Reached XP level 6. HP: 53/53 MP: 5/5
  3147 | D:3      | Reached skill level 6 in Axes
  3306 | D:3      | Reached XP level 7. HP: 48/60 MP: 6/6
  3311 | D:3      | Reached skill level 5 in Fighting
  3984 | D:4      | Identified the +9 mace of Corporal Punishment {speed,
                  | Dex+4}
  4030 | D:4      | Reached **** piety under Trog
  4152 | D:4      | Noticed Dowan
  4153 | D:4      | Noticed Duvessa
  4161 | D:4      | Killed Dowan
  4168 | D:4      | Killed Duvessa
  4169 | D:4      | Reached skill level 7 in Axes
  4169 | D:4      | Reached skill level 5 in Armour
  4411 | D:4      | Reached XP level 8. HP: 70/70 MP: 7/7
  4727 | D:5      | Entered Level 5 of the Dungeon
  4857 | D:5      | Reached skill level 5 in Dodging
  4865 | D:5      | Reached skill level 8 in Axes
  5096 | D:5      | Reached skill level 5 in Shields
  5636 | D:6      | Found a sand-covered staircase.
  5641 | Ossuary  | Entered an ossuary
  5665 | Ossuary  | Reached skill level 9 in Axes
  5699 | Ossuary  | Reached XP level 9. HP: 74/75 MP: 8/8
  5754 | Ossuary  | Reached ***** piety under Trog
  5769 | Ossuary  | Reached skill level 10 in Axes
  6073 | D:6      | Reached skill level 11 in Axes
  6271 | D:6      | Found a white marble altar of Elyvilon.
  6427 | D:6      | Identified the ring "Ybbots" {rPois rC+ Will++ Str+3 Int-5}
  6700 | D:6      | Reached skill level 12 in Axes
  6704 | D:6      | Received a gift from Trog
  6927 | D:7      | Found a staircase to the Ecumenical Temple.
  7144 | D:7      | Reached skill level 13 in Axes
  7477 | D:7      | Noticed Pikel
  7490 | D:7      | Killed Pikel
  7491 | D:7      | Reached XP level 10. HP: 83/83 MP: 9/9
  7666 | D:7      | Found a snail-covered altar of Cheibriados.
  7922 | D:8      | Noticed Maurice
  7958 | D:8      | Killed Maurice
  7959 | D:8      | Reached skill level 14 in Axes
  8177 | D:8      | Noticed Erica
  8203 | D:8      | Killed Erica
  8204 | D:8      | Reached skill level 15 in Axes
  8255 | D:8      | Noticed Gastronok
  8304 | D:8      | Killed Gastronok
  8305 | D:8      | Reached skill level 16 in Axes
  8418 | D:8      | Noticed a deep elf zephyrmancer
  8442 | D:8      | Killed a deep elf zephyrmancer
  8514 | D:8      | Noticed Maggie
  8534 | D:8      | Killed Maggie
  8543 | D:8      | Reached XP level 11. HP: 35/89 MP: 10/10
  8720 | D:8      | Found a burning altar of Makhleb.
  8720 | D:8      | Noticed a green death
  8987 | D:9      | Noticed a two-headed ogre
  9007 | D:9      | Reached skill level 17 in Axes
  9010 | D:9      | Killed a two-headed ogre
  9033 | D:9      | HP: 1/133 [wight/+0 war axe (12)]
  9033 | D:9      | Demolished by an orc warrior

Illustrated notes

Levels and vault maps discovered:
D:1:      minmay_arrival_checkered_box, layout_basic, serial_shops, shop_statue,
          kennysheep_boxes
D:2:      layout_basic, hellmonk_ecumenical_altar_inner_sanctum,
          minmay_tetromino_i2, uniq_crazy_yiuf_cottage, uniq_robin
D:3:      lemuel_castle_with_subvaults [lemuel_castle_interior_original],
          layout_rooms, nicolae_overflow_ecumenical_swirl,
          minmay_overflow_temple_star_hex, serial_bayou_ford_a, uniq_ijyb
D:4:      layout_cave_pods, minmay_misc_feat_hallway, grunt_decor_one_mirror,
          uniq_duvessa
D:5:      layout_basic
D:6:      layout_gridville, mainiacjoe_overflow_24_doors, enter_ossuary_5
D:7:      layout_loops_corners, lemuel_doored_altar,
          minmay_temple_entry_overgrown, serial_aquarium,
          aquarium_bridge_long_separate [aquarium_subvault_window,
          aquarium_subvault_bridge, aquarium_subvault_wall,
          aquarium_subvault_bridge, aquarium_subvault_bridge,
          aquarium_subvault_bridge], aquarium_window_1, aquarium_window_double,
          aquarium_window_corridor_2, aquarium_view_2d, aquarium_view_2e,
          aquarium_pool_five, uniq_pikel
D:8:      layout_cave_pools, makhleb_altar_promises_db,
          guppyfry_early_elven_hall, uniq_maggie, uniq_maurice, uniq_erica,
          uniq_gastronok
D:9:      minmay_the_grid_octo_2x2 [minmay_the_grid_octo_focus,
          minmay_the_grid_octo_fat_diamond, minmay_the_grid_octo_horde,
          minmay_the_grid_octo_prize_single_spiral], layout_basic,
          david_lair_generic, serial_shops, shop,
          hangedman_decor_clover_reticule, minivault_28, uniq_joseph

Skill      XL: |  1  2  3  4  5  6  7  8  9 10 11 |
---------------+----------------------------------+-----
Axes           | 4 5 6 7 9 13 16 17 | 17.6
Shields        | 1 2 3 4 5 6 |  6.0
Armour         | 3 4 5 6 |  6.0
Fighting       | 4 5 6 |  6.0
Dodging        | 3 4 5 6 |  6.0

Action                   |  1- 3 |  4- 6 |  7- 9 | 10-12 || total
-------------------------+-------+-------+-------+-------++-------
Melee: Hand axe          |    65 |   174 |   484 |   195 ||   918
       Headbutt          |    12 |    21 |   106 |    36 ||   175
       Punch             |       |     5 |       |       ||     5
Throw: Dart              |       |       |       |     3 ||     3
       Throwing net      |       |       |       |     3 ||     3
Invok: Berserk           |     1 |     1 |     4 |     3 ||     9
       Trog's Hand       |       |       |       |     1 ||     1
       Brothers in Arms  |       |       |       |     1 ||     1
  Use: Scroll            |       |       |     4 |     1 ||     5
 Stab: Sleeping          |     1 |       |       |       ||     1
Armor: Animal skin       |     4 |       |       |       ||     4
       Ring mail         |    11 |    47 |     9 |       ||    67
       Plate armour      |       |       |   191 |    62 ||   253
Dodge: Dodged            |    38 |   111 |   171 |    51 ||   371
Block: Buckler           |       |    11 |    87 |    30 ||   128
